 Dungeon Crawl Stone Soup version 0.21.1-1-g345015f (webtiles) character file.

6352 beigtais the Carver (level 10, 0/77 HPs)
             Began as a Demonspawn Fighter on May 29, 2018.
             Was a Follower of Uskayaw.
             Slain by a two-headed ogre
             ... wielding a +0 giant spiked club
              (22 damage)
             ... on level 9 of the Dungeon.
             The game lasted 00:47:52 (9563 turns).

beigtais the Carver (Demonspawn Fighter)            Turns: 9563, Time: 00:47:53

Health: 0/77       AC: 14    Str: 16 (17) XL:     10   Next: 65%
Magic:  15/15      EV:  8    Int:  8 (9)  God:    Uskayaw [*.....]
Gold:   360        SH: 11    Dex: 16      Spells: 9/9 levels left

rFire    x . .     SeeInvis .   a - +1 long sword
rCold    + . .     Gourm    +   c - +1 shield
rNeg     . . .     Faith    .   p - +0 chain mail
rPois    .         Spirit   .   (no helmet)
rElec    .         Reflect  .   (no cloak)
rCorr    .         Harm     .   o - +2 pair of gloves {archery}
MR       .....                  u - +0 pair of boots
Stlth    ..........             n - amulet of the gourmand
HPRegen  0.22/turn              h - ring of ice
MPRegen  0.14/turn              (no ring)

@: no status effects
A: claws 2, demonic guardian 2, mutation resistance 1, powered by pain 2
a: Stomp, Renounce Religion


You were on level 9 of the Dungeon.
You worshipped Uskayaw.
Uskayaw was noncommittal.
You were full.

You visited 1 branch of the dungeon, and saw 9 of its levels.

You collected 585 gold pieces.
You spent 225 gold pieces at shops.

Inventory:

Hand Weapons
 a - a +1 long sword (weapon)
 x - a +2 war axe of electrocution
Missiles
 v - 5 steel tomahawks (quivered)
Armour
 c - a +1 shield (worn)
 o - a +2 pair of gloves of archery (worn)
 p - a +0 chain mail (worn)
 u - a +0 pair of boots (worn)
Jewellery
 h - a ring of ice (left hand)
 n - an amulet of the gourmand (around neck)
 q - an uncursed ring of ice
 y - an uncursed ring of protection from magic {unknown}
Wands
 j - a wand of digging (8)
 k - a wand of flame (25)
 C - a wand of iceblast (6)
 F - a wand of random effects (9)
Scrolls
 b - a scroll of immolation
 g - 5 scrolls of teleportation
 l - 5 scrolls of identify
 r - 3 scrolls of remove curse
 s - a scroll of fog
 w - a scroll of vulnerability
 D - a scroll of magic mapping
Potions
 d - 2 potions of might
 i - a potion of heal wounds
 m - 3 potions of curing
 t - a potion of invisibility
 z - a potion of agility
 A - a potion of berserk rage
 B - a potion of magic
Books
 E - a book of Flames

   Spells                             Type                      Level
   a - Flame Tongue                   Conjuration/Fire             1
   b - Throw Flame                    Conjuration/Fire             2
   c - Conjure Flame                  Conjuration/Fire             3
   d - Inner Flame                    Hexes/Fire                   3
   e - Sticky Flame                   Conjuration/Fire             4
   f - Fireball                       Conjuration/Fire             5
Comestibles
 f - 19 rations


   Skills:
 * Level 6.5 Fighting
 * Level 8.5 Long Blades
 + Level 2.3 Axes
 + Level 1.1 Throwing
 + Level 5.7 Armour
 * Level 5.2 Dodging
 + Level 2.5 Stealth
 + Level 5.8 Shields
 * Level 7.0 Invocations


You had 9 spell levels left.
You didn't know any spells.

Dungeon Overview and Level Annotations

Branches:
Dungeon (9/15)             Temple (0/1) D:5
   Lair: D:8-11         Orc: D:9-12

Altars:
Ashenzari
Cheibriados
Gozag
Hepliaklqana
Kikubaaqudgha
Nemelex Xobeh
Qazlal
Ru
Sif Muna
Uskayaw
Wu Jian
Xom
Zin

Shops:
D:4 *   D:7 (


Innate Abilities, Weirdness & Mutations

You have very sharp fingernails.
A demonic guardian rushes to your aid.
You sometimes gain power by taking damage.
You are somewhat resistant to further mutation.


Message History

The two-headed ogre hits itself with a giant spiked club!
The two-headed ogre hits itself with a giant club!
Your shield prevents you from hitting the two-headed ogre.
The two-headed ogre is severely wounded.
The two-headed ogre seems less confused.
The bullfrog skeleton barely misses you.
The two-headed ogre hits you with a giant spiked club!
* * * LOW HITPOINT WARNING * * *
You focus on the pain.
You feel your power returning. You block the two-headed ogre's attack.
The bullfrog skeleton hits you but does no damage.
You hit the two-headed ogre.
The two-headed ogre is almost dead.
You block the bullfrog skeleton's attack.
You hit the two-headed ogre but do no damage.
The two-headed ogre is almost dead.
You block the bullfrog skeleton's attack.
The two-headed ogre hits you but does no damage.
The two-headed ogre hits you with a giant club!!
You die...

.(.........####.#.#
##^..!....^...#.#......#
#....^.......##......###
#.^..^^......###.......#
............†.....##.#..
.......^^.^.^..##.##.+..
.............^###.##.#..
.^..^.^.....^.# #.##.#..
#......@O..^..# #..#.#..
..(((((Z......# ##.#....
#.......^.^.### .#.#.#
..#........## ..... .
#.#....### #...##
#...#.## #... #...... #.
###.... ....


You could see a two-headed ogre and a bullfrog skeleton.

Vanquished Creatures
  The ghost of appiemonkey the Poker, an amateur MiGl (D:5)
  A hippogriff (D:7)
  A spriggan (D:7)
  A wraith (D:7)
  Eustachio (D:5)
  2 yaks (D:7)
  A hungry ghost (D:7)
  Menkaure (D:5)
  An ice beast (D:8)
  3 sky beasts
  A slave (D:7)
  A phantom (D:8)
  2 ogres
  A big kobold (D:8)
  2 elf zombies (D:7)
  3 bullfrogs
  Dowan (D:7)
  A water moccasin skeleton (D:7)
  2 scorpions (D:8)
  A troll zombie (D:7)
  6 killer bees (D:9)
  2 wights (D:6)
  A bullfrog zombie (D:9)
  A jelly (D:5)
  A human zombie (D:7)
  A centaur skeleton (D:7)
  2 orc priests
  5 hounds
  6 orc wizards
  2 iguanas
  3 worker ants
  An ogre zombie (D:7)
  2 hound skeletons
  2 mummies (D:7)
  A worker ant zombie (D:8)
  Robin (D:4)
  7 adders
  A shadow imp (D:5)
  An ooze (D:3)
  3 adder skeletons
  2 worms
  A dart slug (D:2)
  5 leopard geckos
  18 orcs
  3 bats
  4 giant cockroaches
  11 goblins
  8 hobgoblins
  4 jackals
  7 quokkas
  2 ball pythons
  4 frilled lizards
  A jackal skeleton (D:5)
  A jackal zombie (D:5)
  11 kobolds
  2 leopard gecko zombies
  An orc zombie (D:7)
  8 rats
170 creatures vanquished.

Vanquished Creatures (collateral kills)
  2 two-headed ogres
  The ghost of beigtais the Cleaver, a novice DsFi of Uskayaw (D:6)
  The ghost of sipior the Firebug, a novice DrFE of Nemelex Xobeh (D:7)
  Pikel (D:7)
  Joseph (D:7)
  3 yaks (D:7)
  A wraith (D:7)
  Duvessa (D:7)
  An elf zombie (D:7)
  A bullfrog (D:7)
  4 killer bees (D:9)
  2 wights (D:6)
  A crimson imp (D:9)
  3 orc wizards
  A bullfrog skeleton (D:3)
  A mummy (D:7)
  A worker ant zombie (D:8)
  A howler monkey skeleton (D:8)
  An adder (D:7)
  9 orcs
  A jackal (D:7)
  A leopard gecko skeleton (D:6)
39 creatures vanquished.

Vanquished Creatures (others)
  2 slaves (D:7)
2 creatures vanquished.

Grand Total: 211 creatures vanquished

Notes
Turn   | Place    | Note
-------+----------+-------------------------------------------
     0 | D:1      | beigtais the Demonspawn Fighter began the quest for the Orb.
     0 | D:1      | Reached XP level 1. HP: 18/18 MP: 1/1
   301 | D:1      | Gained mutation: A weak demonic guardian rushes to your aid. [demonic ancestry]
   301 | D:1      | Reached XP level 2. HP: 24/24 MP: 2/2
   537 | D:1      | Found a sparkling altar of Nemelex Xobeh.
   781 | D:1      | Reached skill level 2 in Long Blades
   888 | D:2      | Reached XP level 3. HP: 29/29 MP: 3/3
   955 | D:2      | Found a hazy altar of Hepliaklqana.
  1614 | D:3      | Found a sparkling altar of Nemelex Xobeh.
  1631 | D:3      | Reached skill level 3 in Long Blades
  1631 | D:3      | Reached XP level 4. HP: 29/35 MP: 4/4
  1735 | D:3      | Found a hide-covered altar of Uskayaw.
  1741 | D:3      | Became a worshipper of Uskayaw the Reveler
  1767 | D:3      | Reached * piety under Uskayaw
  1856 | D:3      | Found a shattered altar of Ashenzari.
  2009 | D:3      | Reached skill level 1 in Dodging
  2014 | D:3      | Reached ** piety under Uskayaw
  2024 | D:3      | Found a deep blue altar of Sif Muna.
  2193 | D:4      | Found Zin's Purification Station.
  2200 | D:4      | Noticed Robin
  2206 | D:4      | Gained mutation: You sometimes gain a little power by taking damage. [demonic ancestry]
  2206 | D:4      | Reached XP level 5. HP: 28/41 MP: 5/5
  2207 | D:4      | Found a glowing silver altar of Zin.
  2211 | D:4      | Killed Robin
  2388 | D:4      | Reached skill level 1 in Invocations
  2577 | D:4      | Found a stormy altar of Qazlal.
  2826 | D:4      | Gained mutation: You are somewhat resistant to further mutation. [potion of mutation]
  3000 | D:5      | Entered Level 5 of the Dungeon
  3000 | D:5      | Noticed an ogre
  3010 | D:5      | Killed an ogre
  3010 | D:5      | Gained mutation: You have sharp fingernails. [demonic ancestry]
  3010 | D:5      | Reached XP level 6. HP: 22/48 MP: 1/7
  3026 | D:5      | Reached *** piety under Uskayaw
  3083 | D:5      | Noticed appiemonkey's ghost (amateur MiGl)
  3226 | D:5      | Killed appiemonkey's ghost
  3226 | D:5      | Reached skill level 4 in Long Blades
  3226 | D:5      | Reached skill level 1 in Axes
  3444 | D:5      | Gained mutation: A demonic guardian rushes to your aid. [demonic ancestry]
  3444 | D:5      | Reached XP level 7. HP: 47/54 MP: 8/8
  3576 | D:5      | Found a staircase to the Ecumenical Temple.
  3833 | D:5      | Noticed Eustachio
  3841 | D:5      | Killed Eustachio
  3945 | D:5      | Noticed Menkaure
  3951 | D:5      | Killed Menkaure
  4103 | D:5      | Found an opulent altar of Gozag.
  4193 | D:6      | Reached XP level 8. HP: 31/61 MP: 3/10
  4286 | D:6      | Reached **** piety under Uskayaw
  4568 | D:6      | Found an ornate altar of the Wu Jian Council.
  4803 | D:6      | Found a sacrificial altar of Ru.
  4816 | D:6      | Noticed beigtais's ghost (novice DsFi)
  4838 | D:6      | Killed beigtais's ghost
  4838 | D:6      | Reached skill level 5 in Fighting
  4838 | D:6      | Reached skill level 5 in Long Blades
  4838 | D:6      | Reached skill level 1 in Stealth
  5393 | D:7      | Noticed Dowan
  5395 | D:7      | Noticed Duvessa
  5400 | D:7      | Killed Dowan
  5403 | D:7      | Killed Duvessa
  5433 | D:7      | Gained mutation: You sometimes gain power by taking damage. [demonic ancestry]
  5433 | D:7      | Reached XP level 9. HP: 57/68 MP: 9/12
  5436 | D:7      | Reached skill level 6 in Long Blades
  5600 | D:7      | Noticed Pikel
  5618 | D:7      | Killed Pikel
  5618 | D:7      | Reached skill level 5 in Shields
  5618 | D:7      | Reached skill level 5 in Invocations
  5633 | D:7      | Noticed sipior's ghost (novice DrFE)
  5659 | D:7      | Killed sipior's ghost
  5659 | D:7      | Reached skill level 5 in Armour
  6072 | D:7      | Found Duogg's Antique Weapon Emporium.
  6085 | D:7      | Bought an ancient scimitar for 225 gold pieces
  6085 | D:7      | Identified the cursed +0 scimitar of the Scavenger {freeze, +Rage +Inv +Fly} (You bought it in a shop on level 7 of the Dungeon)
  6183 | D:7      | Noticed Joseph
  6207 | D:7      | Killed Joseph
  6207 | D:7      | Reached skill level 7 in Long Blades
  6207 | D:7      | Reached skill level 1 in Throwing
  7046 | D:7      | Gained mutation: You have very sharp fingernails. [demonic ancestry]
  7046 | D:7      | Reached XP level 10. HP: 76/76 MP: 12/14
  7157 | D:7      | Found an ancient bone altar of Kikubaaqudgha.
  7397 | D:7      | Found a snail-covered altar of Cheibriados.
  7548 | D:8      | Noticed a two-headed ogre
  7555 | D:8      | Killed a two-headed ogre
  7782 | D:8      | Reached skill level 5 in Dodging
  7855 | D:8      | Reached skill level 8 in Long Blades
  8563 | D:9      | Found a shimmering altar of Xom.
  9228 | D:9      | Noticed a two-headed ogre
  9245 | D:9      | Killed a two-headed ogre
  9549 | D:9      | Noticed a two-headed ogre
  9563 | D:9      | Slain by a two-headed ogre

Skill      XL: |  1  2  3  4  5  6  7  8  9 10 |
---------------+-------------------------------+-----
Long Blades    | 2 3 4 5 7 8 |  8.5
Armour         | 3 4 5 |  5.7
Shields        | 3 4 5 |  5.8
Dodging        | 1 2 3 4 5 |  5.2
Invocations    | 1 2 3 4 6 7 |  7.0
Fighting       | 4 5 6 |  6.5
Axes           | 1 2 |  2.3
Stealth        | 1 2 |  2.5
Throwing       | 1 |  1.1

Action                   |  1- 3 |  4- 6 |  7- 9 | 10-12 || total
-------------------------+-------+-------+-------+-------++-------
Melee: Long sword        |   136 |   114 |   246 |   346 ||   842
       War axe           |       |    28 |    25 |       ||    53
Throw: Tomahawk          |       |     4 |    23 |    14 ||    41
Invok: Line Pass         |       |     3 |     1 |     2 ||     6
       Stomp             |       |     2 |    20 |    14 ||    36
  Use: Potion            |     6 |     3 |       |     4 ||    13
       Scroll            |     7 |     5 |     4 |       ||    16
 Stab: Invisible         |     1 |       |       |       ||     1
       Distracted        |       |       |     5 |       ||     5
       Paralysed         |       |       |     4 |     2 ||     6
  Eat: Chunk             |     2 |    26 |    22 |    14 ||    64
       Ration            |       |       |     1 |       ||     1
Armor: Scale mail        |    72 |    65 |       |       ||   137
       Skin              |     1 |       |       |       ||     1
       Chain mail        |       |    24 |   139 |   164 ||   327
Dodge: Dodged            |    32 |    38 |    61 |    95 ||   226
Block: Shield            |    72 |   108 |   140 |   205 ||   525
       Rpst.: Long sword |    12 |    10 |    14 |    34 ||    70
